AoeStats
← lexi.r.d

Arabia

509249003Analyzed
1v1 RM · 7d ago on Sep 26, 2026· 77m 17s· 2 players
Game mode
Random Map
Map size
Tiny (2 player)
Population
200
Speed
Normal
Resources
Standard
Victory
Conquest
Starting age
Dark Age
Ending age
Imperial Age
RankedLock teamsTeams togetherTeam positionsShared explorationLock speedFull tech treeHidden civsTurbo modeCheats
Victory
Defeat
🇺🇸 Britons · United States
542
+16
🇺🇸 Magyars · United States
547
-16
lexi.r.d
10:21 Feudal Age
24:49 Castle Age
43:47 Imperial Age
41:33 Double-Bit Axe
41:39 Horse Collar
43:49 Padded Archer Armor
43:40 Fletching
46:25 Ballistics
46:31 Ballistics
46:45 Elite Longbowman
48:37 Leather Archer Armor
48:18 Bodkin Arrow
48:24 Murder Holes
48:40 Fortified Wall
48:47 Light Cavalry
51:55 Yeomen
52:21 Bracer
53:08 Ring Archer Armor
54:34 Chemistry
53:49 Scale Barding Armor
53:56 Forging
53:47 Scale Mail Armor
53:56 Husbandry
56:23 Chain Barding Armor
59:25 Plate Barding Armor
59:06 Chain Mail Armor
59:26 Iron Casting
63:09 Pikeman
63:50 Squires
68:46 Blast Furnace
68:17 Plate Mail Armor
73:10 Halberdier
branko1966
8:19 Loom
10:36 Feudal Age
12:17 Double-Bit Axe
12:30 Horse Collar
24:10 Bloodlines
26:17 Scale Barding Armor
31:50 Castle Age
32:39 Padded Archer Armor
35:26 Light Cavalry
36:07 Husbandry
36:52 Chain Barding Armor
36:24 Fletching
37:49 Leather Archer Armor
39:13 Bodkin Arrow
43:49 Elite Skirmisher
47:26 Imperial Age
45:32 Thumb Ring
47:34 Corvinian Army
47:57 Hussar
49:21 Conscription
49:50 Hoardings
53:37 Wheelbarrow
52:48 Town Watch
54:51 Heavy Plow
56:04 Crop Rotation
55:36 Elite Magyar Huszar
57:53 Ring Archer Armor
57:24 Bracer
62:29 Town Patrol
62:45 Hand Cart
Connection lost

Rejoining the realm…

Still unreachable

The connection could not be restored.

Session expired

The server has moved on; the page needs a fresh start.